 Dungeon Crawl Stone Soup version 0.29-a0-96-g93358da72b (webtiles) character file.

Game seed: 17679971168867160861

9 innerfire433 the Skirmisher (level 2, -5/26 HPs)
             Began as a Djinni Wanderer on Feb 10, 2022.
             Slain by a goblin (18 damage)
             ... on level 1 of the Dungeon.
             The game lasted 00:01:00 (422 turns).

innerfire433 the Skirmisher (Djinni Wanderer)        Turns: 422, Time: 00:01:01

Health: -5/26      AC:  3    Str: 11    XL:     2   Next: 20%
Gold:   60         EV: 13    Int: 11    God:
                   SH:  0    Dex: 14

rFire   + + .      SeeInvis .   a - +1 dagger
rCold   x . .      Faith    .   (no shield)
rNeg    . . .      Spirit   .   e - +0 robe
rPois   ∞          Reflect  .   d - +0 helmet
rElec   .          Harm     .   (no cloak)
rCorr   .          Rampage  .   (no gloves)
Will    .....                   (boots unavailable)
Stlth   ++........              (no amulet)
HPRegen 0.08/turn               (no ring)
MPRegen 0.00/turn               (no ring)

@: flying
A: sickness immunity, fire resistance 2, cold vulnerability 1, float, innate
caster, HP casting, extra vitality 1
a: no special abilities


You were on level 1 of the Dungeon.
You visited 1 branch of the dungeon, and saw 1 of its levels.

You collected 60 gold pieces.

Inventory:

Hand Weapons
 a - a +1 dagger (weapon)
Missiles
 b - an atropa-tipped dart (quivered)
 c - a datura-tipped dart
Armour
 d - a +0 helmet (worn)
 e - a +0 robe (worn)
Scrolls
 f - a scroll of fog {unknown}
 g - a scroll of fear {unknown}


   Skills:
 + Level 4.1 Fighting
 + Level 0.6 Short Blades
 - Level 3.2 Dodging
 - Level 2.4 Stealth
 + Level 0.5 Spellcasting


You had 2 spell levels left.
You didn't know any spells.
Your spell library was empty.

Dungeon Overview and Level Annotations

Branches:
Dungeon (1/15)

Altars:


Innate Abilities, Weirdness & Mutations

You are immune to sickness and miasma.
You are immune to poison.
Your flesh is very heat resistant. (rF++)
You are vulnerable to cold. (rC-)
You float through the air rather than walking.
You learn spells naturally, not from books.
Your magical power is your life essence.
You have superior vitality. (+4 MHP)


Message History

The jackal is lightly wounded.
The jackal barely misses you.
You hit the jackal.
The jackal is severely wounded.
The jackal bites you but does no damage. x2
You hit the jackal.
You kill the jackal!
You see here a +0 dagger.
You now have 60 gold pieces (gained 10).
Things that are here:
17 stones; a jackal corpse
Found a stone staircase leading down.
There is a stone staircase leading down here.
A goblin comes into view.
It is wielding a +1 dagger of electrocution.
A goblin is nearby! 2 jackals come into view.
A jackal comes into view.
The jackal barks!
The jackal splashes around in the water.
The goblin shouts!
The jackal barks!
The goblin hits you with a +1 dagger of electrocution.
You hit the goblin.
The goblin is heavily wounded.
The goblin hits you with a +1 dagger of electrocution.
You closely miss the goblin.
The goblin is heavily wounded.
The goblin misses you.
You hit the goblin.
The goblin is severely wounded.
The jackal bites the plant.
The plant begins to die.
The goblin hits you with a +1 dagger of electrocution.
You miss the goblin.
The goblin is severely wounded.
The goblin hits you with a +1 dagger of electrocution.
You barely miss the goblin.
The goblin is severely wounded.
The goblin hits you with a +1 dagger of electrocution.
You are electrocuted!!
Ouch! That really hurt!
You die...

### #.# ..# #.#
..# #.# ..# #.#
..# ##.## ..#
######...# ..#
.........######
.P♣#
######...≈P≈PP≈
♣≈≈##
#.@hh≈P≈≈P
≈♣≈P#
#..gPP≈P≈≈
P≈≈##
#..!.hP≈≈≈ ####
#....≈P≈≈≈ #
#....PPP≈≈ #
#.....≈≈≈≈ #
#...P≈≈≈≈≈ ####
#...P≈≈≈P≈ ...#


You could see 3 jackals and a goblin.

Vanquished Creatures
  A bat (D:1)
  A goblin (D:1)
  A hobgoblin (D:1)
  2 jackals (D:1)
  2 kobolds (D:1)
7 creatures vanquished.

Vanquished Creatures (others)
  A plant (D:1)
1 creature vanquished.

Grand Total: 8 creatures vanquished

Notes
Turn   | Place    | Note
-------+----------+-------------------------------------------
     0 | D:1      | innerfire433 the Djinni Wanderer began the quest for the
                  | Orb.
     0 | D:1      | Reached XP level 1. HP: 21/21 MP: 0/0
   234 | D:1      | Reached XP level 2. HP: 16/26 MP: 0/0
   422 | D:1      | Slain by a goblin

Illustrated notes

Levels and vault maps discovered:
D:1:      ebering_trefoil_twist, layout_basic, ebering_ecumenical_altar_hall,
          serial_bayou, serial_bayou_shore_b, serial_bayou_shore_a,
          serial_bayou_pond_d, serial_bayou_pond_d, minmay_misc_feat_five

Action                   || total
-------------------------++-------
Melee: Dagger            ||    50
       Punch             ||     2
Throw: Dart              ||     3
Armor: Robe              ||    13
Dodge: Dodged            ||    45

Table legend: (Time is in decaauts)
 A = Elapsed time spent in this place.
 B = Non-inter-level travel time spent in this place.
 C = Inter-level travel time spent in this place.
 D = Time resting spent in this place.
 E = Time spent auto-exploring this place.
 F = Levels seen in this place.
 G = Mean time per level.
                   A        B        C        D        E       F      G
               +--------+--------+--------+--------+--------+-----+--------+
         Total |    421 |    421 |      0 |      0 |    292 |   1 |  421.0 |
       Dungeon |    421 |    421 |      0 |      0 |    292 |   1 |  421.0 |
               +--------+--------+--------+--------+--------+-----+--------+

Top non-repeatable levels by time:
     D:1: 421 daAuts
